 Dungeon Crawl Stone Soup version 0.13.0-9-gbc74161 (webtiles) character file.

27 Bloax the Ruffian (level 1, 0/17 HPs)
             Began as a Minotaur Monk on Oct 17, 2013.
             Slain by a giant newt (1 damage)
             ... on Level 3 of the Dungeon.
             The game lasted 00:01:52 (293 turns).

Bloax the Ruffian (Minotaur Monk)                    Turns: 293, Time: 00:01:52

HP   0/17        AC  5     Str 15      XL: 1   Next: 50%
MP   0/0         EV  9     Int  7      God:
Gold 23          SH  0     Dex 12      Spells:  0 memorised,  0 levels left

Res.Fire  : . . .   See Invis. : .     - Unarmed
Res.Cold  : . . .   Warding    : .   c - +0 ring mail (curse)
Life Prot.: . . .   Conserve   : .   (no shield)
Res.Poison: .       Res.Corr.  : .   (helmet restricted)
Res.Elec. : .       Clarity    : .   (no cloak)
Sust.Abil.: . .     Spirit.Shd : .   (no gloves)
Res.Mut.  : .       Stasis     : .   (no boots)
Res.Rott. : .       Flight     : .   (no amulet)
Saprovore : . . .                    (no ring)
                                     (no ring)

@: not resistant to hostile enchantments, very unstealthy
A: retaliatory headbutt, horns 2
a: no special abilities


You were on level 3 of the Dungeon.
You were not hungry.

You visited 1 branch of the dungeon, and saw 3 of its levels.

You collected 23 gold pieces.


Innate Abilities, Weirdness & Mutations

You reflexively headbutt those who attack you in melee.
You have a pair of horns on your head.


   Skills:
 + Level 3.7 Fighting
 + Level 3.4 Dodging
 - Level 1.5 Stealth
 + Level 4.4 Unarmed Combat


You couldn't memorise any spells.
You didn't know any spells.

Dungeon Overview and Level Annotations

Branches:
Dungeon (3/27)

Altars:

Annotations:
D:3 Ijyb

Inventory:

Armour
 c - a cursed +0 ring mail (worn)
   (You found it on level 1 of the Dungeon)
Comestibles
 b - a bread ration
Scrolls
 a - a scroll of magic mapping {unknown}
 d - a scroll of amnesia {unknown}
 e - a scroll of recharging {unknown}
 f - a scroll of teleportation {unknown}

### #..
#.# #.#
####.####
#....@g.#
#.#..l#.#
#.<#.#..#
#.##.##.#
#..#.#..#
#.......#
#.##.##.#
#.##.##.#
#.##.##.#


You could see Ijyb and a giant newt.


Message History

The rat bites you but does no damage.
You closely miss the rat. The rat bites you but does no damage.
You hit the rat.
The rat is severely wounded.
You hit the rat.
You kill the rat!
You see here a rat corpse.
Found 17 arrows.
A hobgoblin comes into view.
The hobgoblin shouts!
You see here 17 arrows.
You hit the hobgoblin.
The hobgoblin is severely wounded.
The hobgoblin hits you but does no damage.
You hit the hobgoblin.
You kill the hobgoblin!
You see here a hobgoblin corpse. 3 gnolls and Ijyb come into view.
Ijyb shouts!
The gnoll shouts!
The gnoll shouts!
Found 5 gold pieces.
A quokka comes into view.
You aren't carrying any potions.
Read which item? (? for menu, Esc to quit)
Okay, then.
You closely miss Ijyb. Ijyb hits you.
You hit Ijyb.
Ijyb is lightly wounded.
Ijyb hits you.
Unknown command.
You barely miss Ijyb.
Ijyb is lightly wounded.
The gnoll hits you from afar with a spear!
Ouch! That really hurt!
* * * LOW HITPOINT WARNING * * *
Ijyb barely misses you. You furiously retaliate!
You headbutt Ijyb!
Unknown command.
You hit Ijyb.
Ijyb is heavily wounded.
Ijyb hits you.
* * * LOW HITPOINT WARNING * * *
Unknown command.
Unknown command.
A worm comes into view.
You see here 5 gold pieces.
You now have 23 gold pieces (gained 5).
Ijyb hits you but does no damage.
The gnoll hits you from afar with a spear.
* * * LOW HITPOINT WARNING * * *
Unknown command.
The gnoll shouts!
The gnoll barely misses you. The gnoll hits you but does no damage.
There is a stone staircase leading down here.
Ijyb hits you.
* * * LOW HITPOINT WARNING * * *
You climb downwards.
A giant newt comes into view.
There is a stone staircase leading up here.
Unknown command.
The giant newt bites you.
* * * LOW HITPOINT WARNING * * *
The giant newt completely misses you.
The giant newt bites you but does no damage.
The giant newt barely misses you.
There is a stone staircase leading up here.
The giant newt bites you but does no damage.
The giant newt closely misses you. The giant newt barely misses you.
The giant newt bites you but does no damage.
The giant newt bites you.
You die...

Action                   || total
-------------------------++-------
Melee: Unarmed           ||    11

Vault maps used:
D:1:      dpeg_entry_sounds_slurp, hangedman_decor_growths, minivault_25
D:2:      serial_bayou_shore_b, minitemple, uniq_iyjb
D:3:      infiniplex_staircase_river, first_bread, minmay_misc_feat_columns

Notes
Turn   | Place    | Note
--------------------------------------------------------------
     0 | D:1      | Bloax, the Minotaur Monk, began the quest for the Orb.
     0 | D:1      | Reached XP level 1. HP: 17/17 MP: 0/0
   197 | D:2      | Noticed Ijyb
   216 | D:2      | HP: 4/17 [gnoll/spear (10)]
   235 | D:2      | HP: 3/17 [gnoll/spear (1)]
   265 | D:2      | HP: 1/17 [Ijyb (3)]
   277 | D:3      | HP: 1/17 [giant newt (1)]
   293 | D:3      | Slain by a giant newt

Vanquished Creatures
  2 hobgoblins (D:2)
  A goblin (D:2)
  A rat (D:2)
4 creatures vanquished.
